 Dungeon Crawl Stone Soup version 0.25.1-9-gc5326a611f (webtiles) character file.

Game seed: 10971397392160534326

35 zeroc00l the Ducker (level 3, 2/16 HPs)
             Began as a Spriggan Venom Mage on Dec 26, 2020.
             Quit the game on level 2 of the Dungeon.
             The game lasted 00:04:39 (1986 turns).

zeroc00l the Ducker (Spriggan Venom Mage)           Turns: 1986, Time: 00:04:39

Health: 2/16       AC:  2    Str:  4    XL:     3   Next: 17%
Magic:  4/8        EV: 19    Int: 17    God:
Gold:   91         SH:  0    Dex: 16    Spells: 2/8 levels left

rFire    . . .     SeeInvis +   a - +0 dagger
rCold    . . .     Gourm    .   (shield restricted)
rNeg     . . .     Faith    .   d - +0 robe
rPois    .         Spirit   .   (helmet restricted)
rElec    .         Reflect  .   (no cloak)
rCorr    .         Harm     .   (gloves unavailable)
MR       .....                  (boots unavailable)
Stlth    ++........             (no amulet)
HPRegen  0.05/turn              (no ring)
MPRegen  0.11/turn              (no ring)

@: lethally poisoned (2 -> -3), very slightly contaminated, hasted, very quick
A: very small, unfitting armour, see invisible, herbivore, speed 3, slow
metabolism 2
a: no special abilities


You were on level 2 of the Dungeon.
You were not hungry.

You visited 1 branch of the dungeon, and saw 3 of its levels.

You collected 91 gold pieces.

Inventory:

Hand Weapons
 a - a +0 dagger (weapon)
Armour
 d - a +0 robe (worn)
Scrolls
 b - 4 scrolls of identify {unknown}
 e - a scroll of teleportation {unknown}
 g - a scroll of immolation {unknown}
Potions
 f - a potion of haste
Comestibles
 c - 5 rations


   Skills:
 + Level 3.7 Dodging
 - Level 3.0 Stealth
 + Level 3.2 Spellcasting
 * Level 2.4 Transmutations
 + Level 3.3 Poison Magic


You had 2 spell levels left.
You knew the following spells:

 Your Spells              Type           Power        Failure   Level  Hunger
a - Sting                 Tmut/Pois      ##..         5%          1    None
b - Poisonous Vapours     Pois/Air       #.....       13%         2    ##.....
c - Mephitic Cloud        Conj/Pois/Air  #.......     32%         3    ###....

Your spell library contained the following spells:

 Spells                   Type           Power        Failure   Level  Hunger
 Ignite Poison            Fire/Tmut/Pois #.......     24%         3    ###....
 Olgreb's Toxic Radiance  Pois           ##......     38%         4    ####...


Dungeon Overview and Level Annotations

Branches:
Dungeon (3/15)

Altars:
Uskayaw

Annotations:
D:2 Terence


Innate Abilities, Weirdness & Mutations

You are very small and have problems with some larger weapons.
You are too small for most types of armour.
You have supernaturally acute eyesight. (SInv)
You are a herbivore.
You cover ground extremely quickly.
You need to consume almost no food.


Message History

You are very lightly contaminated with residual magic.
You feel odd!
You are poisoned.
Ouch! That really hurt!
You feel sick. Terence hits you with a +0 short sword.
* * * LOW HITPOINT WARNING * * *
You climb upwards.
* * * LOW HITPOINT WARNING * * *
You feel sick.
There is a stone staircase leading down here.
Terence shouts, "DIE!!!"
It was a potion of haste.
You feel yourself speed up.
* * * LOW HITPOINT WARNING * * *
You feel sick.
Okay, then.
Unknown command.
Quiver which item? (- for none, * to show all) (? for menu, Esc to quit)
Okay, then.
Are you sure you want to abandon this character and quit the game? (Confirm with "yes".)

#.# #......#.###.#...# #.#.###.
#.# #......#.# #.#...# #.#.....
#.# #.....^#.#
#.#...#####'###### #.#
########.# #.#.......††......
#.# #.###.#..........#####
#.#### #..##.###.............
#....# ##.##.# #######.######
####.# #####..#.# #.# #.#
#.......@# #.# #.# #........#
#.# ### #.# #........# #.# #..
#.##########.@# #.# #.#
#.......# #..# #.# #.#
#.......#####.### ####.####.#
#............>..# #.........#
#######....##...####.........#
####...........................#


You could see Terence (poisoned).

Vanquished Creatures
  A dart slug (D:2)
  2 leopard geckos
  5 bats (D:1)
  A giant cockroach (D:1)
  3 hobgoblins
  7 jackals
  3 kobolds
  A frilled lizard (D:2)
  2 goblins
  A rat (D:1)
26 creatures vanquished.

Notes
Turn   | Place    | Note
-------+----------+-------------------------------------------
     0 | D:1      | zeroc00l the Spriggan Venom Mage began the quest for the
                  | Orb.
     0 | D:1      | Reached XP level 1. HP: 9/9 MP: 5/5
   416 | D:1      | Reached XP level 2. HP: 9/13 MP: 0/6
   420 | D:1      | Learned a level 2 spell: Poisonous Vapours
  1463 | D:2      | Found a hide-covered altar of Uskayaw.
  1762 | D:2      | Reached XP level 3. HP: 16/16 MP: 5/8
  1767 | D:2      | Learned a level 3 spell: Mephitic Cloud
  1971 | D:3      | Noticed Terence
  1986 | D:2      | Quit the game

Illustrated notes

Levels and vault maps discovered:
D:1:      dpeg_arrival_round_c, layout_basic
D:2:      layout_basic, lemuel_crystal_altar, first_ration
D:3:      layout_rooms, uniq_grinder, uniq_terence, uniq_natasha

Skill      XL: |  1  2 |
---------------+-------+-----
Spellcasting   | 3 |  3.2
Transmutations | 2 |  2.4
Dodging        | |  3.7
Stealth        | |  3.0
Poison Magic   | |  3.3

Action                   || total
-------------------------++-------
Melee: Dagger            ||    22
       Unarmed           ||     2
 Cast: Sting             ||    31
       Poisonous Vapours ||     6
  Use: Potion            ||     1
 Stab: Sleeping          ||     4
Armor: Robe              ||     1
Dodge: Dodged            ||    38
